 Dungeon Crawl Stone Soup version 0.19.1 (webtiles) character file.

91901 CanadianGator the Severer (level 16, -4/144 HPs)
             Began as a Hill Orc Fighter on Dec 5, 2016.
             Was a High Priest of Beogh.
             Killed from afar by an oklob plant (8 damage)
             ... with a splash of acid
             ... on level 6 of the Lair of Beasts on Dec 6, 2016.
             The game lasted 01:59:03 (26535 turns).

CanadianGator the Severer (Hill Orc Fighter)       Turns: 26535, Time: 01:59:03

Health: -4/144     AC: 10    Str: 26 (28) XL:     16   Next: 4%
Magic:  25/25      EV: 12    Int:  4 (6)  God:    Beogh [*****.]
Gold:   568        SH:  0    Dex: 12 (13) Spells: 0 memorised, 15 levels left

rFire  . . .     SeeInvis +     D - +6 battleaxe (chop)
rCold  + . .     Gourm    .     X - +3 plate armour {rC+}
rNeg   . . .     Faith    .     (shield currently unavailable)
rPois  .         Spirit   .     x - +1 hat
rElec  .         Reflect  .     Y - +0 cloak
rCorr  .         Harm     +     E - +2 pair of gloves
MR     +....                    (no boots)
Stlth  ..........               G - amulet of harm
                                v - +3 ring of strength
                                h - ring of see invisible

@: corroded, very slightly contaminated, invisible
A: walk on water, talons 1, thin metallic scales 1, agile 1, blink,
deterioration 2, dopey 1, subdued magic 1
a: Blink, Smiting, Recall Orcish Followers, Give Item to Named Follower,
Renounce Religion


You were on level 6 of the Lair of Beasts.
You worshipped Beogh.
Beogh was extremely pleased with you.
You were not hungry.

You visited 4 branches of the dungeon, and saw 23 of its levels.
You also visited: Sewer and Bailey.

You collected 2548 gold pieces.
You spent 1980 gold pieces at shops.

Inventory:

Hand Weapons
 a - a +2 battleaxe of freezing
 D - a +6 battleaxe of chopping (weapon)
 J - a +0 battleaxe of distortion
Armour
 x - a +1 hat (worn)
 E - a +2 pair of gloves (worn)
 X - a +3 plate armour of cold resistance (worn)
 Y - a +0 cloak (worn)
Jewellery
 b - a +1 ring of protection
 g - an uncursed ring of flight
 h - a ring of see invisible (left hand)
 v - a +3 ring of strength (right hand)
 G - an amulet of harm (around neck)
 K - an uncursed ring of ice
Wands
 c - a wand of iceblast (10/15)
 p - a wand of lightning (5/15)
 B - a wand of disintegration (17/24)
 I - a wand of digging (20/24)
 L - a wand of acid (11/15)
 Q - a wand of paralysis (15/24)
 S - a wand of lightning (5/15)
 T - a wand of disintegration (24/24)
 U - a wand of slowing (15/48)
Scrolls
 i - 6 scrolls of fog
 k - a scroll of holy word
 s - 4 scrolls of immolation
 t - 7 scrolls of teleportation
 u - a scroll of enchant armour
 w - 12 scrolls of remove curse
 y - 2 scrolls of magic mapping
 z - 2 scrolls of fear
 A - 2 scrolls of noise
 C - 3 scrolls of brand weapon
 F - 2 scrolls of recharging
 M - 5 scrolls of blinking
Potions
 d - 2 potions of might
 e - 3 potions of resistance
 l - 4 potions of curing
 m - 5 potions of agility
 o - a potion of lignification {unknown}
 q - 2 potions of flight
 r - 2 potions of haste
 Z - a potion of berserk rage
Miscellaneous
 N - 2 sacks of spiders
 O - a phial of floods
 P - a disc of storms
 R - a fan of gales
Comestibles
 f - 7 bread rations
 j - 4 chunks of flesh
 n - 18 fruits
 H - a slice of pizza
 V - 2 meat rations


   Skills:
 + Level 13.5 Fighting
 * Level 18.4 Axes
 + Level 12.5 Armour
 + Level 9.6 Dodging
   Level 3.2 Shields
 + Level 13.0 Invocations
 + Level 10.2 Evocations


You had 15 spell levels left.
You didn't know any spells.

Dungeon Overview and Level Annotations

Branches:
Dungeon (14/15)            Temple (0/1) D:6            Lair (6/6) D:8
 Shoals (0/4) Lair:2       Spider (0/4) Lair:3        Slime (0/5) Lair:6
    Orc (2/2) D:12            Elf (1/3) Orc:2        Vaults (0/5) D:14

Altars:
Ashenzari
Dithmenos
Elyvilon
Gozag
Nemelex Xobeh
Okawaru
Ru
Sif Muna
Trog
Vehumet
Xom
Yredelemnul
Zin
Beogh

Shops:
D:10 (   D:13 }=   Orc:1 }   Orc:2 ([([   Elf:1 }?%

Annotations:
D:7 vicissi's ghost, novice TrCK
Lair:6 exclusion: 2 oklob plants


Innate Abilities, Weirdness & Mutations

You can walk on water.
You have sharp toenails.
You are partially covered in thin metallic scales. (AC +2)
You are agile. (Dex +2)
You can translocate small distances at will.
Your body often deteriorates upon taking damage.
You are dopey. (Int -2)
Your spells are a little easier to cast, but a little less powerful.


Message History

A yak comes into view.
Okay, then.
You fade into invisibility!
The yak gores you.
* * * LOW HITPOINT WARNING * * *
The oklob plant spits acid at you. The splash of acid hits you!
* * * LOW HITPOINT WARNING * * *
You are splashed with acid!
The acid burns!
* * * LOW HITPOINT WARNING * * *
Learuk roars a battlecry!
Your orc warrior goes into a battle-frenzy!
Your orc warrior hits the oklob plant with a scimitar of protection!
You are very lightly contaminated with residual magic.
The yak closely misses Learuk.
Learuk roars a battlecry!
Grimold goes into a battle-frenzy!
The oklob plant spits acid past the yak.
The splash of acid hits you!
You die...

...........P. ...... #≈
.$..........P# ...P #≈≈
#.....[..P$..# #..# #≈#
#............####..#§≈≈#
##.............##...##≈
...............#.....####
..!..........o..........#
.......o....o.oo.........
......Y.@..##..####.P#.##
.........o.....# #######
...SP..........# ##
.Y.>o.....#....# #.
...P......#..### #o
........###### ##.
.......P# #.. ........#
##. ##


You could see 2 oklob plants, 2 yaks, a water moccasin, the friendly Boruk the
orc knight, 2 friendly orc knights, the friendly Learuk the orc knight, 2
friendly orc warriors and a friendly orc.

Vanquished Creatures
  Louise (Elf:1)
  An orc warlord (Orc:2)
  A stone giant (Orc:2)
  The ghost of CanadianGator the Fencer, a journeyman MiBe of Trog (Lair:6)
  A deep elf demonologist (Elf:1)
  2 deep elf death magi (Elf:1)
  A fire dragon (Lair:6)
  The ghost of Kave the Grappler, a journeyman TrTm of Sif Muna (D:12)
  2 hydras
  A catoblepas (D:14)
  4 vault guards (D:14)
  2 centaur warriors
  6 dancing weapons (Elf:1)
  9 deep elf knights (Elf:1)
  An orc high priest (Orc:2)
  A large abomination (Elf:1)
  A fire crab (Lair:6)
  8 hill giants
  3 deep elf archers (Elf:1)
  A necromancer (Elf:1)
  19 deep elf magi (Elf:1)
  A wolf spider zombie (D:13)
  2 orc sorcerers
  5 ugly things
  A cyclops (D:14)
  3 black mambas
  2 molten gargoyles (Lair:6)
  5 spiny frogs
  A gargoyle (D:13)
  A kobold demonologist (D:14)
  5 komodo dragons
  A rime drake (Lair:3)
  A merfolk (D:10)
  A tengu conjurer (D:14)
  A jumping spider (Lair:3)
  8 trolls
  The ghost of Killer1 the Covered, an amateur DgFi (D:4)
  A slime creature (D:14)
  A polar bear (Lair:2)
  A two-headed ogre (D:8)
  15 blink frogs
  4 hippogriffs
  Sigmund (D:4)
  3 wraiths
  17 yaks
  A fire elemental (Elf:1)
  A vampire (D:12)
  4 water elementals
  5 basilisks
  5 wyverns
  A hungry ghost (D:7)
  3 steam dragons
  A mottled dragon (D:14)
  A vampire mosquito (D:13)
  3 wargs (Orc:2)
  12 soldier ants (Lair:2)
  2 hell hounds (Lair:6)
  7 porcupines
  4 water moccasins
  4 ice beasts
  19 ogres
  17 orc warriors
  A phantom (D:6)
  A sky beast (D:10)
  3 necrophages
  8 wolves
  20 centaurs
  3 crocodiles
  7 bullfrogs
  2 elf zombies (Elf:1)
  2 big kobolds
  A gnoll sergeant (D:8)
  4 scorpions
  12 killer bees
  A vampire bat (D:5)
  5 howler monkeys
  8 crimson imps
  2 lava snakes (Lair:6)
  2 bullfrog zombies (D:5)
  4 hounds
  A quasit (D:5)
  3 bullfrog skeletons
  7 orc priests
  2 jellies
  4 orc wizards
  4 centaur skeletons
  5 iguanas
  25 worker ants
  A hound zombie (D:6)
  3 hound skeletons
  6 gnolls
  8 river rats
  12 adders
  A shadow imp (D:8)
  An ooze (D:1)
  2 adder zombies
  2 adder skeletons
  6 worms
  13 leopard geckos
  40 orcs
  14 bats
  6 giant cockroaches
  6 goblins
  7 hobgoblins
  10 jackals
  31 kobolds
  A quokka (D:4)
  9 ball pythons
  A ball python skeleton (D:4)
  3 frilled lizards
  A jackal skeleton (D:5)
  A quokka skeleton (D:9)
  24 rats
  9 fungi
  5 plants
599 creatures vanquished.

Vanquished Creatures (collateral kills)
  Saint Roka (Orc:2)
  An orc warlord (Orc:1)
  Snorg (D:13)
  Josephine (Orc:1)
  4 hydras
  A queen ant (Lair:2)
  A dancing weapon (Orc:2)
  An orc high priest (Orc:2)
  Nergalle (D:12)
  A deep elf knight (Elf:1)
  A deep elf archer (Elf:1)
  An orc knight (Orc:1)
  A hill giant (D:14)
  2 orc sorcerers (Orc:1)
  6 ugly things
  4 deep elf magi (Elf:1)
  A manticore (D:13)
  2 cyclopes
  A molten gargoyle (Lair:6)
  Maurice (D:12)
  A gargoyle (D:10)
  4 black mambas (Lair:6)
  A centaur skeleton (D:10)
  5 kobold demonologists (D:12)
  3 komodo dragons
  A tengu conjurer (D:14)
  6 trolls
  A hornet (D:12)
  A two-headed ogre (Orc:1)
  2 blink frogs
  2 hippogriffs (D:11)
  A water elemental (D:11)
  2 wraiths (Orc:1)
  2 basilisks (Lair:6)
  A human (D:10)
  14 yaks
  A steam dragon (Lair:6)
  3 vampire mosquitoes (D:13)
  4 soldier ants (Lair:2)
  2 mottled dragons
  3 wargs (Orc:2)
  A water moccasin (Lair:2)
  3 hell hounds (Lair:6)
  7 orc warriors
  A porcupine (Lair:5)
  2 phantoms (D:12)
  4 wolves
  2 centaurs
  3 crocodiles (Lair:2)
  A big kobold (D:12)
  An earth elemental (Elf:1)
  A bullfrog (D:11)
  A wyvern skeleton (D:13)
  5 killer bees
  3 lava snakes (Lair:6)
  A centaur zombie (D:12)
  2 crimson imps (D:12)
  3 orc priests
  A hound (D:10)
  4 orc wizards
  6 worker ants (Lair:2)
  An adder (D:11)
  9 orcs
  2 kobolds (D:12)
  3 goblins
  A bush (Lair:2)
  20 fungi
  14 plants
195 creatures vanquished.

Vanquished Creatures (others)
  2 orc high priests (Elf:1)
  An orc sorcerer (Lair:6)
  A deep elf knight (Elf:1)
  3 orc knights
  10 orc warriors
  7 orc priests
  5 orc wizards
  48 orcs
  A bush (Lair:6)
  16 fungi (Lair:6)
  4 plants
98 creatures vanquished.

Grand Total: 892 creatures vanquished

Notes
Turn   | Place    | Note
-------+----------+-------------------------------------------
     0 | D:1      | CanadianGator the Hill Orc Fighter began the quest for the Orb.
     0 | D:1      | Reached XP level 1. HP: 19/19 MP: 1/1
   138 | D:1      | Reached skill level 3 in Axes
   140 | D:1      | Reached XP level 2. HP: 22/27 MP: 2/2
   271 | D:1      | Found a sparkling altar of Nemelex Xobeh.
   700 | D:2      | Reached skill level 1 in Dodging
   863 | D:2      | Reached XP level 3. HP: 33/33 MP: 3/3
  1133 | D:2      | Reached XP level 4. HP: 40/40 MP: 4/4
  1328 | D:2      | Reached skill level 4 in Axes
  1626 | D:2      | Found a bloodstained altar of Trog.
  1841 | D:3      | Reached XP level 5. HP: 32/47 MP: 5/5
  2203 | D:3      | Found an iron altar of Okawaru.
  2288 | D:4      | Found a glowing drain.
  2315 | D:4      | Reached skill level 5 in Axes
  2345 | Sewer    | Entered a sewer
  2676 | Sewer    | Reached XP level 6. HP: 53/55 MP: 6/6
  2730 | Sewer    | Reached skill level 5 in Fighting
  2842 | D:4      | Noticed Killer1's ghost (amateur DgFi)
  2848 | D:4      | Noticed Sigmund
  2857 | D:4      | Killed Killer1's ghost
  2857 | D:4      | Reached skill level 6 in Axes
  2857 | D:4      | Reached XP level 7. HP: 30/61 MP: 7/7
  2867 | D:4      | Killed Sigmund
  2867 | D:4      | Reached skill level 7 in Axes
  3283 | D:4      | Found a glowing silver altar of Zin.
  3320 | D:4      | Reached skill level 5 in Armour
  3336 | D:4      | Found a radiant altar of Vehumet.
  3691 | D:4      | Found a shimmering altar of Xom.
  3774 | D:4      | Paralysed by a crimson imp for 7 turns
  3784 | D:4      | Reached XP level 8. HP: 54/70 MP: 8/8
  4040 | D:5      | Entered Level 5 of the Dungeon
  4041 | D:5      | Became a worshipper of Beogh the Brigand
  4051 | D:5      | Reached skill level 8 in Axes
  4137 | D:5      | Found a basalt altar of Yredelemnul.
  4489 | D:6      | Reached skill level 9 in Axes
  4583 | D:6      | Reached XP level 9. HP: 55/79 MP: 9/9
  4721 | D:6      | Found a white marble altar of Elyvilon.
  4771 | D:6      | Reached * piety under Beogh
  5105 | D:6      | Reached skill level 1 in Invocations
  5134 | D:6      | Reached skill level 1 in Evocations
  5261 | D:6      | Found a staircase to the Ecumenical Temple.
  5382 | D:6      | Found a sacrificial altar of Ru.
  5719 | D:7      | Reached skill level 10 in Axes
  5817 | D:7      | Found a shattered altar of Ashenzari.
  5924 | D:7      | Reached ** piety under Beogh
  6094 | D:7      | Found a shadowy altar of Dithmenos.
  6208 | D:7      | Noticed vicissi's ghost (novice TrCK)
  6477 | D:8      | Gained mutation: You are partially covered in thin metallic scales. (AC +2) [potion of mutation]
  6477 | D:8      | Gained mutation: Your body sometimes deteriorates upon taking damage. [potion of mutation]
  6477 | D:8      | Gained mutation: You expend magic power (3 MP) to strengthen your wands. [potion of mutation]
  6516 | D:8      | Noticed a two-headed ogre
  6522 | D:8      | Killed a two-headed ogre
  6537 | D:8      | Reached XP level 10. HP: 29/88 MP: 11/13
  6816 | D:8      | Found a deep blue altar of Sif Muna.
  6827 | D:8      | Reached skill level 11 in Axes
  6855 | D:8      | Found an opulent altar of Gozag.
  7013 | D:8      | Found a staircase to the Lair.
  7122 | D:8      | Reached *** piety under Beogh
  7279 | D:8      | Reached skill level 5 in Dodging
  7577 | D:9      | Noticed a hill giant
  7588 | D:9      | Killed a hill giant
  7658 | D:9      | Lost mutation: You expend magic power (3 MP) to strengthen your wands. [potion of mutation]
  7658 | D:9      | Gained mutation: Your spells are a little harder to cast, but a little more powerful. [potion of mutation]
  7689 | D:9      | Reached skill level 5 in Invocations
  7903 | D:9      | HP: 4/90 [poisoned by a killer bee]
  7908 | D:9      | HP: 3/90 [poisoned by a killer bee]
  7915 | D:9      | HP: 3/90 [poisoned by a killer bee]
  7923 | D:9      | HP: 3/90 [poisoned by a killer bee]
  8323 | D:9      | Reached skill level 12 in Axes
  8973 | D:10     | Entered Level 10 of the Dungeon
  9043 | D:10     | Found Sima Qul's Weapon Emporium.
  9043 | D:10     | Noticed a gargoyle
  9052 | D:10     | Killed a gargoyle
  9052 | D:10     | Reached XP level 11. HP: 94/97 MP: 15/15
  9082 | D:10     | Noticed a hill giant
  9098 | D:10     | Killed a hill giant
  9878 | D:10     | Reached **** piety under Beogh
 10651 | D:10     | Noticed a purple ugly thing
 10657 | D:10     | Killed a purple ugly thing
 10661 | D:10     | Gained mutation: You have sharp toenails. [mutagenic meat]
 10662 | D:10     | Gained mutation: Your body often deteriorates upon taking damage. [mutagenic meat]
 10928 | D:11     | Noticed a cyclops
 10936 | D:11     | Killed a cyclops
 11089 | D:11     | Noticed a hill giant
 11096 | D:11     | Killed a hill giant
 11096 | D:11     | Reached skill level 5 in Evocations
 11424 | D:11     | Gained Gorbash as an ally
 11430 | D:11     | Reached skill level 13 in Axes
 11616 | D:12     | Noticed a hill giant
 11627 | D:12     | Killed a hill giant
 11700 | D:12     | Noticed a hill giant
 11708 | D:12     | Killed a hill giant
 11711 | D:12     | Reached skill level 10 in Fighting
 11856 | D:12     | Found a staircase to the Orcish Mines.
 11889 | D:12     | Noticed a brown ugly thing
 11897 | D:12     | Killed a brown ugly thing
 11900 | D:12     | Noticed Nergalle
 11913 | D:12     | Killed Nergalle
 11913 | D:12     | Reached XP level 12. HP: 26/105 MP: 17/17
 11921 | D:12     | Noticed Maurice
 11927 | D:12     | Killed Maurice
 12333 | D:12     | Noticed Kave's ghost (journeyman TrTm)
 12346 | D:12     | Killed Kave's ghost
 12480 | D:12     | Gained Grimold as an ally
 12480 | D:12     | Reached skill level 14 in Axes
 12952 | D:12     | Noticed a six-headed hydra
 12959 | D:12     | Killed a seven-headed hydra
 13427 | D:12     | Found a shimmering altar of Xom.
 13669 | Orc:1    | Entered Level 1 of the Orcish Mines
 13675 | Orc:1    | Found Ihethac's Quality Used Wands.
 13697 | Orc:1    | Bought a wand of disintegration (0/24) for 40 gold pieces
 13697 | Orc:1    | Bought a wand of iceblast (0/15) for 40 gold pieces
 13697 | Orc:1    | Bought a wand of acid (0/15) for 80 gold pieces
 13717 | Orc:1    | Noticed Josephine
 13733 | Orc:1    | Killed Josephine
 13735 | Orc:1    | Reached ***** piety under Beogh
 13791 | Orc:1    | Found a flagged portal.
 13798 | Bailey   | Entered a bailey
 13956 | Bailey   | Found a bloodstained altar of Trog.
 13961 | Bailey   | Gained Boruk as an ally
 14099 | Orc:1    | Noticed an orc warlord
 14107 | Orc:1    | Killed an orc warlord
 14498 | Orc:2    | Entered Level 2 of the Orcish Mines
 14546 | Orc:2    | Noticed an orc warlord
 14547 | Orc:2    | Found a staircase to the Elven Halls.
 14552 | Orc:2    | Killed an orc warlord
 14552 | Orc:2    | Reached XP level 13. HP: 95/115 MP: 19/19
 14566 | Orc:2    | Reached skill level 15 in Axes
 14576 | Orc:2    | Found a roughly hewn altar of Beogh.
 14896 | Orc:2    | Reached skill level 10 in Armour
 14897 | Orc:2    | Noticed Saint Roka
 14907 | Orc:2    | Found Suxaek's Antique Weapon Boutique.
 14908 | Orc:2    | Found a roughly hewn altar of Beogh.
 14912 | Orc:2    | Killed Saint Roka
 14914 | Orc:2    | Found Vubb's Antique Armour Shop.
 15357 | Orc:2    | Gained Bogdan as an ally
 15376 | Orc:2    | Found a roughly hewn altar of Beogh.
 15522 | Orc:2    | Found a roughly hewn altar of Beogh.
 15558 | Orc:2    | Noticed a stone giant
 15570 | Orc:2    | Killed a stone giant
 15925 | Orc:2    | Found a roughly hewn altar of Beogh.
 15929 | Orc:2    | Found Pontamue's Antique Armour Shoppe.
 15944 | Orc:2    | Bought a runed plate armour for 1044 gold pieces
 15944 | Orc:2    | Bought a cloak for 162 gold pieces
 16011 | Orc:2    | Found a roughly hewn altar of Beogh.
 16020 | Orc:2    | Found Yluifoh's Weapon Emporium.
 16040 | Orc:2    | Bought a +2 battleaxe of freezing for 284 gold pieces
 16354 | Elf:1    | Entered Level 1 of the Elven Halls
 16354 | Elf:1    | Found Boxair's Gadget Shoppe.
 16384 | Elf:1    | Reached skill level 10 in Invocations
 16425 | Elf:1    | Found Lotimes's Food Shoppe.
 17065 | Elf:1    | Reached skill level 16 in Axes
 17065 | Elf:1    | Reached XP level 14. HP: 79/124 MP: 18/21
 17467 | Elf:1    | Noticed Louise
 17480 | Elf:1    | Killed Louise
 17784 | Elf:1    | Gained Bogmar as an ally
 17852 | Elf:1    | Found Deducef's Magic Scroll Shoppe.
 17868 | Elf:1    | Bought a scroll of enchant armour for 127 gold pieces
 17868 | Elf:1    | Bought a scroll of holy word for 127 gold pieces
 17868 | Elf:1    | Bought a scroll of immolation for 59 gold pieces
 17868 | Elf:1    | Bought a scroll of noise for 17 gold pieces
 17977 | Elf:1    | Noticed a deep elf demonologist
 17984 | Elf:1    | Noticed a Tzitzimitl
 17989 | Elf:1    | Your ally Bogmar died
 17990 | Elf:1    | Killed a deep elf demonologist
 17993 | Elf:1    | Your ally Bogdan died
 19057 | Elf:1    | Reached skill level 17 in Axes
 19229 | Elf:1    | Identified the Papyrus of Dark Rituals
 19653 | D:13     | Found Xam Nassuo's Gadget Shop.
 19716 | D:13     | Found Tusais's Jewellery Shop.
 20129 | D:13     | Noticed Snorg
 20134 | D:13     | Reached ****** piety under Beogh
 20139 | D:13     | Killed Snorg
 20373 | D:14     | Reached XP level 15. HP: 130/134 MP: 23/23
 20386 | D:14     | Gained Oruk as an ally
 20574 | D:14     | Found a gate to the Vaults.
 20578 | D:14     | Gained Learuk as an ally
 20687 | D:14     | Gained mutation: Your system is resistant to poisons. (rPois) [mutagenic meat]
 20688 | D:14     | Lost mutation: Your system is resistant to poisons. (rPois) [mutagenic meat]
 20689 | D:14     | Gained mutation: You are agile. (Dex +2) [mutagenic meat]
 20690 | D:14     | Gained mutation: You are frail. (-10% HP) [mutagenic meat]
 20691 | D:14     | Lost mutation: You are frail. (-10% HP) [mutagenic meat]
 20693 | D:14     | Gained mutation: You are dopey. (Int -2) [mutagenic meat]
 20694 | D:14     | Gained mutation: You can translocate small distances at will. [mutagenic meat]
 20695 | D:14     | Lost mutation: Your spells are a little harder to cast, but a little more powerful. [mutagenic meat]
 20696 | D:14     | Gained mutation: Your spells are a little easier to cast, but a little less powerful. [mutagenic meat]
 21569 | Lair:1   | Entered Level 1 of the Lair of Beasts
 22066 | Lair:2   | Found a staircase to the Shoals.
 22102 | Lair:2   | Gained Grimold as an ally
 22134 | Lair:2   | Gained Arbeogh as an ally
 23041 | Lair:2   | Gained Norbak as an ally
 23647 | Lair:3   | Found a hole to the Spider Nest.
 23650 | Lair:3   | Reached skill level 18 in Axes
 23875 | Lair:3   | Identified a scroll of acquirement
 24539 | Lair:4   | Gained Marbork as an ally
 25240 | Lair:5   | You fall through a shaft!
 25240 | Lair:6   | Entered Level 6 of the Lair of Beasts
 25279 | Lair:6   | Noticed CanadianGator's ghost (journeyman MiBe)
 25291 | Lair:6   | Killed CanadianGator's ghost
 25291 | Lair:6   | Reached skill level 10 in Evocations
 25667 | Lair:6   | HP: 6/136 [black mamba (7)]
 25849 | Lair:6   | Found a large runed door.
 25850 | Lair:6   | Found a large runed door.
 26023 | Lair:6   | Reached XP level 16. HP: 37/144 MP: 25/25
 26523 | Lair:6   | Found a staircase to the Slime Pits.
 26534 | Lair:6   | HP: 4/144 [acid (13)]
 26535 | Lair:6   | Killed from afar by an oklob plant

Skill      XL: |  1  2  3  4  5  6  7  8  9 10 11 12 13 14 15 16 |
---------------+-------------------------------------------------+-----
Axes           | 3 4 5 6 7 9 10 12 13 14 16 17 18 | 18.4
Dodging        | 1 2 3 4 5 6 7 8 9 |  9.6
Fighting       | 4 5 6 7 8 9 10 11 12 13 | 13.5
Armour         | 4 5 6 7 8 9 10 11 12 | 12.5
Invocations    | 4 5 7 9 10 11 12 13 | 13.0
Evocations     | 2 4 5 7 8 9 10 | 10.2
Shields        | |  3.2

Action                   |  1- 3 |  4- 6 |  7- 9 | 10-12 | 13-15 | 16-18 || total
-------------------------+-------+-------+-------+-------+-------+-------++-------
Melee: War axe           |    82 |   208 |   428 |   604 |       |       ||  1322
       Kick              |       |       |       |    97 |   168 |     6 ||   271
       Battleaxe         |       |       |       |    24 |   575 |    15 ||   614
Invok: Convert to Beogh  |       |       |     1 |       |       |       ||     1
       Smiting           |       |       |       |     2 |    13 |       ||    15
       Give Item to Name |       |       |       |     1 |     6 |       ||     7
       Recall Orcish Fol |       |       |       |       |     2 |       ||     2
       Resurrection      |       |       |       |       |     1 |       ||     1
Evoke: Wand              |       |       |     9 |     8 |    12 |       ||    29
  Use: Scroll            |       |     8 |     6 |     3 |    21 |       ||    38
       Potion            |       |     4 |     5 |     2 |     8 |     1 ||    20
 Stab: Distracted        |       |       |       |     1 |     6 |       ||     7
  Eat: Bread ration      |       |     1 |       |       |     3 |       ||     4
       Chunk             |       |     2 |     4 |    12 |    19 |     2 ||    39
       Meat ration       |       |       |     2 |     3 |     1 |       ||     6
       Fruit             |       |       |       |       |     3 |       ||     3
       Royal jelly       |       |       |       |       |     3 |       ||     3
       Beef jerky        |       |       |       |       |     1 |       ||     1
       Pizza             |       |       |       |       |     1 |       ||     1
Armor: Scale mail        |    34 |   107 |   127 |       |       |       ||   268
       Chain mail        |       |       |    83 |     2 |       |       ||    85
       Plate armour      |       |       |       |   385 |   385 |     6 ||   776
Dodge: Dodged            |    27 |   104 |   122 |   206 |   268 |    11 ||   738
Block: Shield            |    39 |   122 |   186 |   324 |       |       ||   671
